 Dungeon Crawl Stone Soup version 0.23-a0-38-g6d804a8 (webtiles) character file.

262 Amnesiac the Gusty (level 5, 0/35 HPs)
             Began as a Mummy Air Elementalist on Aug 5, 2018.
             Was an Initiate of Sif Muna.
             Slain by a hound (1 damage)
             ... on level 6 of the Dungeon.
             The game lasted 00:07:19 (1878 turns).

Amnesiac the Gusty (Mummy Air Elementalist)         Turns: 1878, Time: 00:07:20

Health: 0/35       AC:  6    Str: 12    XL:     5   Next: 97%
Magic:  11/12      EV: 11    Int: 15    God:    Sif Muna [......]
Gold:   61         SH:  6    Dex: 12    Spells: 6/13 levels left

rFire    x . .     SeeInvis .   h - +0 trident
rCold    + + .     Gourm    .   (no shield)
rNeg     + + +     Faith    .   e - +2 leather armour {rC+}
rPois    ∞         Spirit   .   (no helmet)
rElec    .         Reflect  +   (no cloak)
rCorr    .         Harm     .   b - +0 pair of gloves
MR       .....                  (no boots)
Stlth    +.........             a - +6 amulet of reflection
HPRegen  0.11/turn              (no ring)
MPRegen  0.13/turn              (no ring)

@: no status effects
A: no food or potions, fire vulnerability, cold resistance 1, negative energy
resistance 3, torment resistance, unbreathing
a: Renounce Religion


You were on level 6 of the Dungeon.
You worshipped Sif Muna.
Sif Muna was noncommittal.
You were not hungry.

You visited 2 branches of the dungeon, and saw 7 of its levels.

You collected 61 gold pieces.

Inventory:

Hand Weapons
 h - a +0 trident (weapon)
Missiles
 d - 4 steel tomahawks (quivered)
Armour
 b - a +0 pair of gloves (worn)
 e - a +2 leather armour of cold resistance (worn)
Jewellery
 a - a +6 amulet of reflection (around neck)
Scrolls
 c - 2 scrolls of identify {!r}
 f - 3 scrolls of remove curse {!r}
 g - a scroll of fog {!r}


   Skills:
 - Level 1.5(0.7) Dodging
 - Level 1.5(0.7) Stealth
 + Level 4.7(2.3) Spellcasting
 - Level 1.0(0.5) Conjurations
 * Level 4.8(2.4) Air Magic


You had 6 spell levels left.
You knew the following spells:

 Your Spells              Type           Power        Failure   Level  Hunger
a - Shock                 Conj/Air       #...         16%         1    N/A
d - Airstrike             Air            #.........   69%         4    N/A
z - Swiftness             Chrm/Air       #.......     26%         2    N/A

Your spell library contained the following spells:

 Spells                   Type           Power        Failure   Level  Hunger
 Lightning Bolt           Conj/Air       #.........   99%         5    N/A
 Static Discharge         Conj/Air       #.......     41%         3    N/A

Dungeon Overview and Level Annotations

Branches:
Dungeon (6/15)             Temple (1/1) D:6

Altars:
Ashenzari
Dithmenos
Fedhas
Gozag
Qazlal
Ru
Sif Muna
Trog
Vehumet
Xom
The Shining One

Portals:
Sewer: D:6

Annotations:
D:4 Ijyb
D:6 exclusion: downstairs


Innate Abilities, Weirdness & Mutations

You do not eat or drink.
Your flesh is vulnerable to fire.
You are immune to poison.
Your flesh is cold resistant. (rC+)
You are immune to negative energy. (rN+++)
You are immune to unholy pain and torment.
You can survive without breathing.


Message History

You hear the sound of rushing water.
There is an entrance to a sewer on this level.
Hurry and find it before the portal rusts away!
Level annotation: exclusion: downstairs
There is a staircase to the Ecumenical Temple here.
Unknown command.
You hear the rusting of a distant drain.
A wight comes into view.
It is wielding an enchanted trident. 2 wights come into view.
A wight comes into view. It is wielding a hand axe of freezing.
The wight hits you with an enchanted trident.
The wight misses you.
A hound comes into view.
The hound barely misses you.
Found 13 arrows.
The hound bites you but does no damage. The hound bites you. x2
The hound stops to sniff the ground.
The hound bites you but does no damage.
An orc comes into view. It is wielding a dagger of venom.
The orc shouts!
The hound bites you.
An orc comes into view. It is wielding a flail.
You see here 13 arrows.
You block the hound's attack. The hound bites you.
The wight hits you from afar with an enchanted trident!
* * * LOW HITPOINT WARNING * * *
You block the orc's attack. You block the wight's attack. The wight misses you.
The hound misses you. You block the orc's attack.
Found a scroll of remove curse.
The orc closely misses you.
The orc shouts!
The wight hits you from afar with an enchanted trident.
* * * LOW HITPOINT WARNING * * *
The hound bites you.
* * * LOW HITPOINT WARNING * * *
The orc closely misses you.
Found a bronze wand.
The hound bites you.
* * * LOW HITPOINT WARNING * * *
Okay, then.
You block the hound's attack. You block the hound's attack.
Evoke which item? (* to show all) (? for menu, Esc to quit)
Okay, then.
The hound bites you.
* * * LOW HITPOINT WARNING * * *
3 giant cockroaches come into view.
The hound closely misses you.
Found a glowing drain.
Okay, then.
A giant cockroach comes into view.
The giant cockroach barely misses you.
Casting: Shock (safe; 16% risk of failure)
Confirm with . or Enter, or press ? or * to list all spells.
Aiming: Shock (safe; 16% risk of failure)
Press: ? - help, Shift-Dir - straight line The zap hits the hound.
The hound is lightly wounded.
The zap hits the hound.
The hound is moderately wounded.
The hound bites you.
You die...

.......## #.........
#.......?.
#######.........
####.....#.........
##..h..z..#.........
#..@#.../.z.........
#≈ss#....zz.........
#≈≈≈#.....##o.......
#≈≈≈#.....######z...
#≈≈≈####### #..z..
#≈∩≈# #...z. #s≈≈#
#..(.. #≈≈s# #.....
##....


You could see a hound, a wight and 4 giant cockroaches.

Vanquished Creatures
  An ogre (D:6)
  A crimson imp (D:5)
  An iguana (D:5)
  2 worker ants
  A hound skeleton (D:2)
  2 adders (D:3)
  9 orcs
  A giant cockroach (D:6)
  A goblin (D:1)
  3 hobgoblins (D:1)
  3 jackals (D:1)
  A kobold (D:1)
  A quokka (D:4)
  2 bats (D:1)
  3 frilled lizards
  3 rats (D:1)
35 creatures vanquished.

Notes
Turn   | Place    | Note
-------+----------+-------------------------------------------
     0 | D:1      | Amnesiac the Mummy Air Elementalist began the quest for the Orb.
     0 | D:1      | Reached XP level 1. HP: 13/13 MP: 4/4
    96 | D:1      | Reached skill level 1 in Conjurations
   241 | D:1      | Reached XP level 2. HP: 19/19 MP: 2/5
   245 | D:1      | Learned a level 2 spell: Swiftness
   584 | D:2      | Reached XP level 3. HP: 15/24 MP: 0/7
   648 | D:3      | Found a bloodstained altar of Trog.
  1083 | D:5      | Entered Level 5 of the Dungeon
  1128 | D:4      | Noticed Ijyb
  1160 | D:4      | Noticed an ogre
  1185 | D:4      | Reached XP level 4. HP: 30/30 MP: 0/9
  1290 | D:5      | Learned a level 4 spell: Airstrike
  1384 | D:5      | Reached XP level 5. HP: 22/35 MP: 5/11
  1480 | D:6      | Found a stormy altar of Qazlal.
  1682 | D:6      | Noticed an ogre
  1693 | D:6      | Killed an ogre
  1739 | D:6      | Found a staircase to the Ecumenical Temple.
  1748 | Temple   | Entered the Ecumenical Temple
  1781 | Temple   | Became a worshipper of Ashenzari the Shackled
  1820 | Temple   | Fell from the grace of Ashenzari
  1820 | Temple   | Became a worshipper of Sif Muna the Loreminder
  1873 | D:6      | HP: 1/35 [hound (2)]
  1876 | D:6      | Found a glowing drain.
  1878 | D:6      | Slain by a hound

Vault maps used:
D:1:      minmay_arrival_solitary_statue
D:2:      minmay_roachtagon, minivault_26
D:3:      bloody_trog, yredelemnul_altar_generic,
          nicolae_gozag_cash_rules_everything_around_me
D:4:      minmay_opposing_rooms, kennysheep_little_box, lemuel_round_altar,
          kiku_gazebo_pond_becter, uniq_pikel, uniq_ijyb
D:5:      first_ration
D:6:      minmay_temple_entry_trees, serial_shops, nicolae_shop_waterfront,
          portal_sewer_entry_f, basic_altar, uniq_edmund
Temple:   chequers_temple_sunken

Skill      XL: |  1  2  3  4 |
---------------+-------------+-----
Conjurations   | 1 |  1.0
Air Magic      | 3 4 |  4.8
Spellcasting   | 3 4 |  4.7
Dodging        | |  1.5
Stealth        | |  1.5

Action                   |  1- 3 |  4- 6 || total
-------------------------+-------+-------++-------
Melee: Unarmed           |    22 |     4 ||    26
Throw: Tomahawk          |     1 |       ||     1
 Cast: Shock             |    59 |    24 ||    83
       Airstrike         |       |     1 ||     1
  Use: Scroll            |       |     2 ||     2
Armor: Robe              |    14 |       ||    14
       Leather armour    |     3 |     2 ||     5
Dodge: Dodged            |    44 |    16 ||    60
Block: Other             |     4 |     7 ||    11

Table legend:
 A = Spawn XP
 B = Non-spawn XP
 C = Spawn XP percentage of total XP
 D = Spawn monster count
 E = Non-spawn monster count
 F = Spawn count percentage of total count
 G = Total turns spent on level
                    A         B        C        D         E        F      G
               +---------+---------+-------+---------+---------+-------+---------
         Total |       0 |     375 |   0.0 |       0 |      35 |   0.0 |  1878
               +---------+---------+-------+---------+---------+-------+---------
           D:1 |       0 |      23 |   0.0 |       0 |      14 |   0.0 |   393
           D:2 |       0 |      18 |   0.0 |       0 |       2 |   0.0 |   255
           D:3 |       0 |      39 |   0.0 |       0 |       7 |   0.0 |   380
           D:4 |       0 |      53 |   0.0 |       0 |       7 |   0.0 |   232
           D:5 |       0 |     119 |   0.0 |       0 |       3 |   0.0 |   347
           D:6 |       0 |     123 |   0.0 |       0 |       2 |   0.0 |   182
               +---------+---------+-------+---------+---------+-------+---------
